AoeStats
← Perro_Muchachev

Arabia

503430186Analyzed
1v1 RM · 1mo ago on Aug 31, 2026· 45m 40s· 2 players
Game mode
Random Map
Map size
Tiny (2 player)
Population
200
Speed
Normal
Resources
Standard
Victory
Conquest
Starting age
Dark Age
Ending age
Imperial Age
RankedLock teamsTeams togetherTeam positionsShared explorationLock speedFull tech treeHidden civsTurbo modeCheats
Victory
Defeat
🇦🇷 Vietnamese · Argentina
1745
+14
🇪🇸 Japanese · Spain
1696
-14
Perro_Muchachev
6:21 Loom
9:11 Feudal Age
10:55 Double-Bit Axe
17:00 Fletching
17:55 Padded Archer Armor
23:16 Castle Age
23:16 Horse Collar
23:27 Gold Mining
23:56 Bodkin Arrow
24:25 Bow Saw
25:07 Bloodlines
24:58 Husbandry
26:42 Leather Archer Armor
28:33 Wheelbarrow
30:18 Ballistics
31:28 Thumb Ring
38:22 Imperial Age
36:11 Hand Cart
35:57 Heavy Plow
36:40 Gold Shaft Mining
35:57 Stone Mining
39:07 Bracer
39:38 Ring Archer Armor
38:34 Heavy Cavalry Archer
42:28 Elite Skirmisher
46:37 Chemistry
PipeTeGana
9:13 Feudal Age
9:36 Loom
9:44 Double-Bit Axe
18:26 Wheelbarrow
17:34 Horse Collar
19:16 Fletching
23:11 Castle Age
22:27 Bloodlines
22:24 Scale Barding Armor
22:43 Gold Mining
24:37 Chain Barding Armor
26:43 Forging
26:50 Bodkin Arrow
27:41 Padded Archer Armor
28:09 Elite Skirmisher
29:42 Hand Cart
30:31 Leather Archer Armor
31:32 Ballistics
40:06 Imperial Age
38:50 Husbandry
41:20 Ring Archer Armor
41:13 Bracer
42:17 Imperial Skirmisher
43:37 Bow Saw
43:44 Thumb Ring
43:41 Light Cavalry
45:58 Chemistry
45:26 Heavy Plow
Connection lost

Rejoining the realm…

Still unreachable

The connection could not be restored.

Session expired

The server has moved on; the page needs a fresh start.